AoeStats
← Phreakzz

Arabia

507116604Analyzed
1v1 RM · 16d ago on Sep 16, 2026· 31m 7s· 2 players
Game mode
Random Map
Map size
Tiny (2 player)
Population
200
Speed
Normal
Resources
Standard
Victory
Conquest
Starting age
Dark Age
Ending age
Imperial Age
RankedLock teamsTeams togetherTeam positionsShared explorationLock speedFull tech treeHidden civsTurbo modeCheats
Victory
Defeat
🇷🇴 Franks · Romania
1338
+15
🇩🇪 Teutons · Germany
1323
-15
Wunni1003
6:07 Loom
8:55 Feudal Age
9:38 Double-Bit Axe
19:57 Castle Age
17:50 Fletching
18:42 Horse Collar
18:55 Gold Mining
19:25 Padded Archer Armor
20:43 Bodkin Arrow
20:54 Pikeman
23:27 Bow Saw
26:35 Forging
27:11 Ballistics
28:00 Scale Mail Armor
28:32 Stone Mining
31:13 Chain Mail Armor
Phreakzz
6:05 Loom
8:54 Feudal Age
9:40 Double-Bit Axe
19:30 Castle Age
19:49 Gold Mining
20:07 Scale Barding Armor
20:13 Forging
20:14 Husbandry
21:17 Chain Barding Armor
22:18 Wheelbarrow
22:19 Town Watch
26:21 Iron Casting
27:37 Bow Saw
Connection lost

Rejoining the realm…

Still unreachable

The connection could not be restored.

Session expired

The server has moved on; the page needs a fresh start.